NCAA
TEXAS A&M AGGIES @ ARIZONA STATE SUN DEVILS
05/31/2026
 
TOP OF THE 1ST
Texas A&M Aggies batting - Pitching for Arizona State Sun Devils : RHP Kevin Warren
Pitching: RHP Kevin Warren
Batting: RHB Irwin Robinson 0-0: Ball
1-0: Ground out 6-3 (Groundball, 56)
Batting: LHB Kevin Holley 0-0: Foul Ball, location: 2F
0-1: Ball
1-1: Ground out 4-3 (Groundball, 4)
Batting: LHB Dave Bryant 0-0: Ball
1-0: Ball
2-0: Foul Ball, location: 2F
2-1: Ball
3-1: Base on Balls
Batting: LHB Walt Brown 0-0: Ball
1-0: Ball
2-0: Ball
3-0: Called Strike
3-1: Base on Balls
Dave Bryant to second
Batting: RHB Lawrence Davidson 0-0: Ball
1-0: SINGLE (Line Drive, 78M)
Dave Bryant to third
Walt Brown to second
Runner from 3rd tries for Home, SAFE, no throw or cutoff
Batting: RHB Kevin Wilson 0-0: Ball
1-0: Foul Ball, location: 2F
1-1: Fly out, F8 (Flyball, 89S)
Top of the 1st over - 1 run(s), 1 hit(s), 0 error(s), 2 left on base; Texas A&M 1 - Arizona State 0
BOTTOM OF THE 1ST
Arizona State Sun Devils batting - Pitching for Texas A&M Aggies : LHP Terry Morris
Pitching: LHP Terry Morris
Batting: RHB Matt Tucker 0-0: Ball
1-0: Swinging Strike
1-1: Ball
2-1: Swinging Strike
2-2: Ball
3-2: Foul Ball, location: 2F
3-2: Strikes out swinging
Batting: RHB Cory Hester 0-0: Fly out, F8 (Flyball, 8LXD)
Batting: RHB Roger Rush 0-0: Ball
1-0: Ball
2-0: Ball
3-0: Called Strike
3-1: Base on Balls
Batting: RHB Edmund Swanson 0-0: Ball
1-0: Foul Ball, location: 2F
1-1: Foul Ball, location: 2F
1-2: Ball
2-2: Foul Ball, location: 2F
2-2: Fly out, F9 (Flyball, 9M)
Bottom of the 1st over - 0 run(s), 0 hit(s), 0 error(s), 1 left on base; Texas A&M 1 - Arizona State 0
TOP OF THE 2ND
Texas A&M Aggies batting - Pitching for Arizona State Sun Devils : RHP Kevin Warren
Batting: RHB Brandon Townsley 0-0: Called Strike
0-1: Swinging Strike
0-2: Foul Ball, location: 2F
0-2: Fly out, F3 (Popup, 9LSF)
Batting: RHB Júlio Hobbs 0-0: Ground out 6-3 (Groundball, 6M)
Batting: RHB Paul Stewart 0-0: Called Strike
0-1: Ground out 6-3 (Groundball, 6)
Top of the 2nd over - 0 run(s), 0 hit(s), 0 error(s), 0 left on base; Texas A&M 1 - Arizona State 0
BOTTOM OF THE 2ND
Arizona State Sun Devils batting - Pitching for Texas A&M Aggies : LHP Terry Morris
Batting: RHB Carlos García 0-0: Swinging Strike
0-1: Fly out, F8 (Flyball, 8RM)
Batting: LHB Millard Adams 0-0: Foul Ball, location: 2F
0-1: Ball
1-1: Called Strike
1-2: Foul Ball, location: 2F
1-2: Ground out U3 (Groundball, 3)
Batting: RHB Joaquín Valenzuela 0-0: Called Strike
0-1: Ball
1-1: Fly out, F9 (Flyball, 9M)
Bottom of the 2nd over - 0 run(s), 0 hit(s), 0 error(s), 0 left on base; Texas A&M 1 - Arizona State 0
TOP OF THE 3RD
Texas A&M Aggies batting - Pitching for Arizona State Sun Devils : RHP Kevin Warren
Batting: RHB Irwin Robinson 0-0: Ball
1-0: Swinging Strike
1-1: Foul Ball, location: 2F
1-2: Fly out, F8 (Flyball, 8LM)
Batting: LHB Kevin Holley 0-0: Foul Ball, location: 2F
0-1: Swinging Strike
0-2: Ball
1-2: Foul Ball, location: 2F
1-2: Strikes out looking
Batting: LHB Dave Bryant 0-0: Ball
1-0: Ball
2-0: Called Strike
2-1: Foul Ball, location: 2F
2-2: Ground out 4-3 (Groundball, 34)
Top of the 3rd over - 0 run(s), 0 hit(s), 0 error(s), 0 left on base; Texas A&M 1 - Arizona State 0
BOTTOM OF THE 3RD
Arizona State Sun Devils batting - Pitching for Texas A&M Aggies : LHP Terry Morris
Batting: SHB Leonardo González 0-0: Swinging Strike
0-1: Ball
1-1: Foul Ball, location: 2F
1-2: Foul Ball, location: 2F
1-2: Fly out, F6 (Popup, 7LSF)
Batting: RHB Vernon Harris 0-0: DOUBLE (Line Drive, 3D)
Batting: RHB Matt Tucker 0-0: Called Strike
0-1: Ball
1-1: Called Strike
1-2: Ground out 5-3 (Groundball, 56)
Batting: RHB Cory Hester 0-0: Ball
1-0: Foul Ball, location: 2F
1-1: Called Strike
1-2: Ground out 5-3 (Groundball, 56S)
Bottom of the 3rd over - 0 run(s), 1 hit(s), 0 error(s), 1 left on base; Texas A&M 1 - Arizona State 0
TOP OF THE 4TH
Texas A&M Aggies batting - Pitching for Arizona State Sun Devils : RHP Kevin Warren
Batting: LHB Walt Brown 0-0: Called Strike
0-1: Ball
1-1: Ball
2-1: Ground out U3 (Groundball, 3)
Batting: RHB Lawrence Davidson 0-0: SINGLE (Groundball, 6MD)
Batting: RHB Kevin Wilson 0-0: Ball
1-0: Called Strike
1-1: Grounds into double play, 4-6-3 (Groundball, 4)
Top of the 4th over - 0 run(s), 1 hit(s), 0 error(s), 0 left on base; Texas A&M 1 - Arizona State 0
BOTTOM OF THE 4TH
Arizona State Sun Devils batting - Pitching for Texas A&M Aggies : LHP Terry Morris
Batting: RHB Roger Rush 0-0: Called Strike
0-1: Ball
1-1: Foul Ball, location: 2F
1-2: Ball
2-2: Ball
3-2: Strikes out swinging
Batting: RHB Edmund Swanson 0-0: Called Strike
0-1: Foul Ball, location: 2F
0-2: Ball
1-2: Ball
2-2: Foul Ball, location: 2F
2-2: Strikes out swinging
Batting: RHB Carlos García 0-0: Ball
1-0: Foul Ball, location: 2F
1-1: Called Strike
1-2: Strikes out looking
Bottom of the 4th over - 0 run(s), 0 hit(s), 0 error(s), 0 left on base; Texas A&M 1 - Arizona State 0
TOP OF THE 5TH
Texas A&M Aggies batting - Pitching for Arizona State Sun Devils : RHP Kevin Warren
Batting: RHB Brandon Townsley 0-0: Ball
1-0: Called Strike
1-1: SINGLE (Flyball, 3D)
Batting: RHB Júlio Hobbs 0-0: DOUBLE (Line Drive, 6D)
Brandon Townsley to third
Batting: RHB Paul Stewart 0-0: Called Strike
0-1: Called Strike
0-2: Foul Ball, location: 2F
0-2: Ball
1-2: Ball
2-2: Ball
3-2: Foul Ball, location: 2F
3-2: Strikes out swinging
Batting: RHB Irwin Robinson 0-0: Ball
1-0: Ball
2-0: Called Strike
2-1: Ball
3-1: Foul Ball, location: 2F
3-2: Base on Balls
Batting: LHB Kevin Holley 0-0: Called Strike
0-1: Called Strike
0-2: Ball
1-2: Strikes out swinging
Batting: LHB Dave Bryant 0-0: Ball
1-0: Ball
2-0: Ball
3-0: Called Strike
3-1: GRAND SLAM HOME RUN (Flyball, 9D), Distance : 358 ft
Batting: LHB Walt Brown 0-0: Ball
1-0: SINGLE (Groundball, 34)
Batting: RHB Lawrence Davidson 0-0: Ball
1-0: Ball
2-0: Foul Ball, location: 2F
2-1: Foul Ball, location: 2F
2-2: Strikes out swinging
Top of the 5th over - 4 run(s), 4 hit(s), 0 error(s), 1 left on base; Texas A&M 5 - Arizona State 0
BOTTOM OF THE 5TH
Arizona State Sun Devils batting - Pitching for Texas A&M Aggies : LHP Terry Morris
Batting: LHB Millard Adams 0-0: Ball
1-0: SOLO HOME RUN (Line Drive, 9LD), Distance : 319 ft
Batting: RHB Joaquín Valenzuela 0-0: Ground out 1-3 (Groundball, 23)
Batting: SHB Leonardo González 0-0: Foul Ball, location: 2F
0-1: SINGLE (Line Drive, 89M)
Batting: RHB Vernon Harris 0-0: Foul Ball, location: 2F
0-1: Foul Ball, location: 2F
0-2: Ball
1-2: Strikes out swinging
Batting: RHB Matt Tucker 0-0: Swinging Strike
0-1: Ball
1-1: Fly out, F8 (Popup, 8RS)
Bottom of the 5th over - 1 run(s), 2 hit(s), 0 error(s), 1 left on base; Texas A&M 5 - Arizona State 1
TOP OF THE 6TH
Texas A&M Aggies batting - Pitching for Arizona State Sun Devils : RHP Kevin Warren
Pitching: RHP Josh Jenkins
Batting: RHB Kevin Wilson 0-0: Ball
1-0: Ball
2-0: Called Strike
2-1: Ball
3-1: Base on Balls
Batting: RHB Brandon Townsley 0-0: Called Strike
0-1: Swinging Strike
0-2: SINGLE (Flyball, 89S)
Kevin Wilson to second
Runner from 2nd tries for 3rd, SAFE, throw made to third
Batting: RHB Júlio Hobbs 0-0: Ball
1-0: Ball
2-0: Foul Ball, location: 2F
2-1: Ball
3-1: Base on Balls
Brandon Townsley to second
Batting: RHB Paul Stewart 0-0: Ball
1-0: Swinging Strike
1-1: Called Strike
1-2: Ball
2-2: Foul Ball, location: 2F
2-2: Foul Ball, location: 2F
2-2: Grounds into double play, 6-4-3 (Groundball, 6)
Kevin Wilson scores
Brandon Townsley to third
Batting: RHB Irwin Robinson 0-0: Called Strike
0-1: Swinging Strike
0-2: Ground out 6-3 (Groundball, 6M)
Top of the 6th over - 1 run(s), 1 hit(s), 0 error(s), 1 left on base; Texas A&M 6 - Arizona State 1
BOTTOM OF THE 6TH
Arizona State Sun Devils batting - Pitching for Texas A&M Aggies : LHP Terry Morris
Batting: RHB Cory Hester 0-0: Ball
1-0: Ball
2-0: Foul Ball, location: 2F
2-1: Ball
3-1: Foul Ball, location: 2F
3-2: Ground out 6-3 (Groundball, 56)
Batting: RHB Roger Rush 0-0: Ball
1-0: Called Strike
1-1: Foul Ball, location: 2F
1-2: Strikes out looking
Batting: RHB Edmund Swanson 0-0: Ball
1-0: Fly out, F9 (Flyball, 9M)
Bottom of the 6th over - 0 run(s), 0 hit(s), 0 error(s), 0 left on base; Texas A&M 6 - Arizona State 1
TOP OF THE 7TH
Texas A&M Aggies batting - Pitching for Arizona State Sun Devils : RHP Josh Jenkins
Batting: LHB Kevin Holley 0-0: Ball
1-0: Ball
2-0: Ball
3-0: Called Strike
3-1: Foul Ball, location: 2F
3-2: Base on Balls
Batting: LHB Dave Bryant 0-0: Ball
1-0: SINGLE (Line Drive, 8RS)
Kevin Holley to second
Runner from 2nd tries for 3rd, SAFE, throw made to third
Batting: LHB Walt Brown 0-0: Called Strike
0-1: Ball
1-1: Ball
2-1: Called Strike
2-2: Foul Ball, location: 2F
2-2: Ball
3-2: Base on Balls
Dave Bryant to second
Batting: RHB Lawrence Davidson 0-0: Ball
1-0: Swinging Strike
1-1: Swinging Strike
1-2: Ball
2-2: Foul Ball, location: 2F
2-2: Strikes out looking
Batting: RHB Kevin Wilson 0-0: Called Strike
0-1: Ball
1-1: Ball
2-1: Swinging Strike
2-2: Ball
3-2: Base on Balls
Kevin Holley scores
Dave Bryant to third
Walt Brown to second
Batting: RHB Brandon Townsley 0-0: Ball
1-0: Ball
Passed Ball!
Dave Bryant scores
Walt Brown to third
Kevin Wilson to second
2-0: Foul Ball, location: 2F
2-1: Ball
3-1: Called Strike
3-2: Foul Ball, location: 2F
3-2: Ground out 2-3 (Groundball, 2L)
Pitching: RHP António Capos
Batting: RHB Júlio Hobbs 0-0: Ball
1-0: Called Strike
1-1: Foul Ball, location: 2F
1-2: Ball
2-2: Ball
3-2: Base on Balls
Batting: RHB Paul Stewart 0-0: Foul Ball, location: 2F
0-1: Foul Ball, location: 2F
0-2: Foul Ball, location: 2F
0-2: Ball
1-2: Fielders Choice at 2nd, U6 (Groundball, 6M)
Top of the 7th over - 2 run(s), 1 hit(s), 0 error(s), 3 left on base; Texas A&M 8 - Arizona State 1
BOTTOM OF THE 7TH
Arizona State Sun Devils batting - Pitching for Texas A&M Aggies : LHP Terry Morris
Pitching: RHP Jon Etheridge
Batting: RHB Carlos García 0-0: Fly out, F8 (Flyball, 89M)
Batting: LHB Millard Adams 0-0: Ball
1-0: Called Strike
1-1: Fly out, F9 (Flyball, 89M)
Batting: RHB Joaquín Valenzuela 0-0: Called Strike
0-1: Swinging Strike
0-2: Ball
1-2: Strikes out swinging
Bottom of the 7th over - 0 run(s), 0 hit(s), 0 error(s), 0 left on base; Texas A&M 8 - Arizona State 1
TOP OF THE 8TH
Texas A&M Aggies batting - Pitching for Arizona State Sun Devils : RHP António Capos
Batting: RHB Irwin Robinson 0-0: Foul Ball, location: 2F
0-1: Ball
1-1: Ball
2-1: Swinging Strike
2-2: Ball
3-2: Base on Balls
Batting: LHB Kevin Holley 0-0: Bunted foul
0-1: Bunted foul
0-2: Ball
1-2: Foul Ball, location: 2F
1-2: Foul Ball, location: 2F
1-2: Fielders Choice at 2nd, 4-6 (Groundball, 4)
Batting: LHB Dave Bryant 0-0: Called Strike
0-1: Ball
1-1: Ball
Kevin Holley steals 2nd base
2-1: Foul Ball, location: 2F
2-2: Fly out, F8 (Flyball, 8RM)
Batting: LHB Walt Brown 0-0: Ball
1-0: Ball
2-0: Foul Ball, location: 2F
2-1: Ball
3-1: Called Strike
3-2: Foul Ball, location: 2F
3-2: Strikes out swinging
Top of the 8th over - 0 run(s), 0 hit(s), 0 error(s), 1 left on base; Texas A&M 8 - Arizona State 1
BOTTOM OF THE 8TH
Arizona State Sun Devils batting - Pitching for Texas A&M Aggies : RHP Jon Etheridge
Batting: SHB Leonardo González 0-0: Called Strike
0-1: Foul Ball, location: 2F
0-2: Foul Ball, location: 2F
0-2: Ground out U3 (Groundball, 3)
Batting: RHB Vernon Harris 0-0: Called Strike
0-1: Ball
1-1: Called Strike
1-2: Ball
2-2: Strikes out looking
Batting: RHB Matt Tucker 0-0: Called Strike
0-1: Ball
1-1: Ball
2-1: Ball
3-1: Foul Ball, location: 2F
3-2: Ground out 6-3 (Groundball, 6)
Bottom of the 8th over - 0 run(s), 0 hit(s), 0 error(s), 0 left on base; Texas A&M 8 - Arizona State 1
TOP OF THE 9TH
Texas A&M Aggies batting - Pitching for Arizona State Sun Devils : RHP António Capos
Batting: RHB Lawrence Davidson 0-0: Ball
1-0: Called Strike
1-1: Foul Ball, location: 2F
1-2: Fly out, F9 (Flyball, 89M)
Batting: RHB Kevin Wilson 0-0: Called Strike
0-1: Ball
1-1: Called Strike
1-2: Ball
2-2: Foul Ball, location: 2F
2-2: SINGLE (Line Drive, 9LS)
Batting: RHB Brandon Townsley 0-0: Swinging Strike
0-1: Called Strike
0-2: Strikes out swinging
Batting: RHB Júlio Hobbs 0-0: Ball
1-0: Ball
2-0: Called Strike
2-1: Ball
3-1: Foul Ball, location: 2F
3-2: Foul Ball, location: 2F
3-2: Strikes out swinging
Top of the 9th over - 0 run(s), 1 hit(s), 0 error(s), 1 left on base; Texas A&M 8 - Arizona State 1
BOTTOM OF THE 9TH
Arizona State Sun Devils batting - Pitching for Texas A&M Aggies : RHP Jon Etheridge
Now at C: James Richardson
Now at 1B: César Cortéz
Batting: RHB Cory Hester 0-0: Fly out, F8 (Line Drive, 8LM)
Batting: RHB Roger Rush 0-0: Ball
1-0: Foul Ball, location: 2F
1-1: Ball
2-1: SOLO HOME RUN (Flyball, 78XD), Distance : 380 ft
Batting: RHB Edmund Swanson 0-0: Called Strike
0-1: Swinging Strike
0-2: Fly out, F9 (Line Drive, 9M)
Batting: RHB Carlos García 0-0: Called Strike
0-1: Foul Ball, location: 2F
0-2: Ball
1-2: Ball
2-2: Ball
3-2: Foul Ball, location: 2F
3-2: Base on Balls
Batting: LHB Millard Adams 0-0: Called Strike
0-1: Foul Ball, location: 2F
0-2: Ball
1-2: Ball
2-2: Ball
3-2: Foul Ball, location: 2F
3-2: Foul Ball, location: 2F
3-2: Foul Ball, location: 2F
3-2: Foul Ball, location: 2F
3-2: Base on Balls
Carlos García to second
Batting: RHB Joaquín Valenzuela 0-0: Called Strike
0-1: Ball
1-1: Swinging Strike
1-2: Strikes out looking
Bottom of the 9th over - 1 run(s), 1 hit(s), 0 error(s), 2 left on base; Texas A&M 8 - Arizona State 2
Monday, December 5th, 2016 - OOTP Baseball 17.12 Build 75